Cogmind - Beta 16 --- EXPLORER MODE // 2025.11.13 @ 18:25:34 Player: K.K.Y. Result: Destroyed by QG-FUA(R) with Subdweller Beam Cannon Performance ------------- Evolutions (0) 0 Regions Visited (2) 400 Robots Destroyed (18) 90 Value Destroyed (435) 435 Prototype IDs (0) 0 Alien Tech Used (0) 0 Bonus (0) 0 TOTAL SCORE: 925 Bonus ------- None Cogmind --------- Core Integrity 0/250 Matter 243/300 Energy 100/100 System Corruption 0% Temperature Cool (9) Movement Rolling (130) Ox2 Location -10/Subcaves Parts ------- > --- POWER (1) -------- (None) > --- PROPULSION (3) --- Compact Wheel Compact Wheel > --- UTILITY (2) ------ Huge Storage Unit > --- WEAPON (2) ------- Barrage Gun > --- INVENTORY (25) --- Improved Treads Improved Treads Improved Treads Improved Treads Improved Heat Sink High-capacity Storage Unit Huge Storage Unit Weight Redist. System Structural Scanner Terrain Scanner Transport Network Coupler Makeshift Light Armor Plating Makeshift Hacking Suite Mining Laser Peak State ------------ > --- POWER ------------ Ion Engine > --- PROPULSION ------- Improved Treads Improved Treads Improved Treads > --- UTILITY ---------- Huge Storage Unit Sensor Array > --- WEAPON ----------- Medium Laser Assault Rifle > --- INVENTORY -------- Improved Treads Wheel Wheel Compact Wheel Compact Wheel Improved Heat Sink High-capacity Storage Unit Huge Storage Unit Weight Redist. System Structural Scanner Terrain Scanner Assault Rifle Mining Laser Mining Laser Plasma Cutter [Rating: 13] Favorites ----------- Power Ion Engine Engine Ion Engine Propulsion Improved Treads Treads Improved Treads Wheel Wheel Utility Huge Storage Unit Device Sensor Array Storage Huge Storage Unit Weapon Assault Rifle Energy Gun Medium Laser Ballistic Gun Assault Rifle Special Weapon Mining Laser Build | -11 -10 -10 ------- Run | Yrd Mat Sub Slots Evolved 1 | . 1 . Power . | . . . Propulsion 1 | . 1 . Utility . | . . . Weapon . | . . . Parts Attached 22 | 5 13 4 Power 1 | 1 . . Engine 1 | 1 . . Core . | . . . Reactor . | . . . Propulsion 11 | 2 7 2 Treads 6 | 2 4 . Leg . | . . . Wheel 5 | . 3 2 Hover . | . . . Flight . | . . . Utility 4 | 2 2 . Device 1 | 1 . . Storage 3 | 1 2 . Processor . | . . . Hackware . | . . . Protection . | . . . Artifact . | . . . Weapon 6 | . 4 2 Energy Gun 1 | . 1 . Energy Cannon . | . . . Ballistic Gun 3 | . 2 1 Ballistic Cannon . | . . . Launcher . | . . . Special Weapon 2 | . 1 1 Impact Weapon . | . . . Slashing Weapon . | . . . Piercing Weapon . | . . . Special Melee Weapon . | . . . Unidentified Prototypes . | . . . Parts Lost 4 | . . 4 Power . | . . . Propulsion 2 | . . 2 Utility . | . . . Weapon 2 | . . 2 Highest Loss Streak 2 | . . 2 To Critical Strikes . | . . . Average Backups 13 | 1 13 14 Power . | . . . Propulsion 6 | . 6 4 Utility 5 | . 5 7 Weapon 1 | 1 1 1 Tool/Special . | . . . Unused Backups 11 | . 1 10 Power . | . . . Propulsion 1 | . . 1 Utility 9 | . 1 8 Weapon 1 | . . 1 Tool/Special . | . . . Average Slot Usage (%) 59 | . 59 57 Engine 4 | . 5 . Treads 14 | . 16 . Wheel 5 | . 2 31 Device 4 | . 5 . Storage 12 | . 12 12 Energy Gun 4 | . 5 . Ballistic Gun 10 | . 10 6 Peak Build Rating 13 | 5 13 9 Average Rating 7 | 4 7 7 On Entrance 4 | . 5 7 Avg Prop Armor Cover (%) . | . . . Naked Turns . | . . . Heaviest Build 90 | 16 90 84 Greatest Support 69 | 40 69 42 Greatest Overweight (x) 28 | . 28 3 Average Overweight (x) 3 | . 3 1 Largest Inventory Capacity 25 | 10 25 25 Average Capacity 22 | 9 22 25 Most Carried 19 | 3 19 15 Average Carried 13 | 1 13 14 Final Capacity 25 | 10 25 25 Final Carried 15 | 2 15 14 Class Distribution -------------------- 100% | Hacker-Mutant Dominant Class ---------------- Hacker-Mutant | -10/Materials Hacker-Mutant | -10/Subcaves Resources | -11 -10 -10 ----------- Run | Yrd Mat Sub Matter Collected 569 | 197 307 65 Remotely . | . . . Salvage Created 553 | . 515 38 Parts 29 | . 26 3 Haulers Intercepted 1 | . 1 . Recyclers Shooed . | . . . Parts Field Recycled . | . . . Retrieved Matter . | . . . Parts Self-Destructed . | . . . Prevented . | . . . Parts Restored . | . . . Kills | -11 -10 -10 ------- Run | Yrd Mat Sub Combat Hostiles Destroyed 13 | . 10 3 Guns 13 | . 10 3 Classes Destroyed 6 | . 5 1 Builder 2 | . 2 . Hauler 1 | . 1 . Watcher 2 | . 2 . Swarmer 4 | . 2 2 Grunt 8 | . 8 . Subdweller 1 | . . 1 Best Kill Streak 3 | . 3 2 Combat Bots Only 2 | . 2 2 Max Kills in Single Turn 2 | . 2 1 Gunslinging . | . . . Exploded . | . . . Melee . | . . . Uniques/NPCs Destroyed . | . . . Combat | -11 -10 -10 -------- Run | Yrd Mat Sub Hostile Shots Fired 163 | . 59 104 Missed 51 | . 14 37 Hits 112 | . 45 67 Projectile 112 | . 45 67 Critical Strikes 2 | . . 2 Damage Taken 775 | . 314 461 Core 265 | . 61 204 Absorbed by Shields . | . . . Ignored by Resistances 509 | . 206 303 Core Remaining (%) 100 | 100 . . Volleys Fired 75 | . 44 31 Largest 2 | . 2 1 Hottest 100 | . 70 100 Shots Fired 102 | . 71 31 Gun 96 | . 71 25 Cannon . | . . . Launcher . | . . . Special 6 | . . 6 Kinetic 66 | . 41 25 Thermal 36 | . 30 6 Explosive . | . . . Electromagnetic . | . . . Robot Hit Streak 26 | . 25 26 Robot Miss Streak 2 | . 2 1 Penetration Max . | . . . Secondary Targets 1 | . 1 . Max Gunslinging Chain 1 | . 1 . Shots Hit Robots 86 | . 59 27 Core Hits 32 | . 27 5 Critical Kills . | . . . Critical Parts Destroyed . | . . . Critical Strikes 3 | . 3 . Burn 3 | . 3 . Melee Attacks . | . . . Impact . | . . . Slashing . | . . . Piercing . | . . . Sneak Attacks . | . . . Combat Hostiles . | . . . Follow-up Attacks . | . . . Damage Inflicted 1186 | . 758 428 Guns 1114 | . 758 356 Cannons . | . . . Explosions . | . . . Melee . | . . . Ramming . | . . . Kinetic 776 | . 420 356 Thermal 410 | . 338 72 Explosive . | . . . Electromagnetic . | . . . Impact . | . . . Slashing . | . . . Piercing . | . . . Highest Corruption . | . . . Average Corruption . | . . . Corruption Purged . | . . . Corruption Blocked . | . . . Overload Shots . | . . . Overflow Damage . | . . . Projectiles . | . . . Explosions . | . . . Melee . | . . . Knockbacks . | . . . Impact . | . . . Kinetic . | . . . Secondary . | . . . Self-Inflicted Damage . | . . . Shots . | . . . Rammed . | . . . Targets Rammed . | . . . Kicked . | . . . Crushed . | . . . Highest Temperature 152 | . 123 152 Average Temperature 46 | . 45 80 Received Heat Transfer 568 | . 198 370 Siege Activations . | . . . Martial Activations . | . . . Shielding Activations . | . . . Robots Disrupted . | . . . Combat Hostiles . | . . . Robots Corrupted . | . . . Combat Hostiles . | . . . Parts Fried . | . . . Impact Corruptions . | . . . Robots Melted . | . . . Combat Hostiles . | . . . Parts Melted 2 | . 2 . Heat Transferred 1371 | . 1221 150 Parts Sabotaged . | . . . Parts Stolen . | . . . Parts Stripped . | . . . Power Chain Reactions . | . . . Alert | -11 -10 -10 ------- Run | Yrd Mat Sub Maximum Alert Level . | . . . Low Security (%) 100 | 100 100 . Level 1 . | . . . Level 2 . | . . . Level 3 . | . . . Level 4 . | . . . Level 5 . | . . . High Security . | . . . Max Security . | . . . Peak Influence 50 | . 50 . Initial . | . . . Average 2 | . 2 . Influence Increases 446 | . 271 175 Destroy 0b10 Robot/C 240 | . 200 40 Destroy 0b10 Robot/NC 25 | . 25 . Destroy Leader 46 | . 46 . Lose Combat Pursuer 135 | . . 135 Influence Decreases 446 | . 271 175 Time Decay 416 | . 271 145 Lost Part 30 | . . 30 Squads Dispatched . | . . . Investigation . | . . . Extermination . | . . . Reinforcement . | . . . Assault . | . . . Garrison . | . . . Intercept . | . . . Searches Triggered . | . . . Construction Impeded . | . . . Haulers Reinforced . | . . . Active Scanning Responses . | . . . Cargo Convoy Interrupts . | . . . Stealth | -11 -10 -10 --------- Run | Yrd Mat Sub Distress Signals 1 | . 1 . Communications Jammed . | . . . Distress Signals . | . . . Times Spotted 33 | . 22 11 Peak Tracking Total 6 | . 3 6 Tactical Retreats 3 | . . 3 Traps | -11 -10 -10 ------- Run | Yrd Mat Sub Traps Triggered 6 | . 6 . Indirectly . | . . . Trap Hack Attempts . | . . . Triggered . | . . . Disarmed . | . . . Reprogrammed . | . . . Reused . | . . . Traps Extracted . | . . . Installed . | . . . Triggered . | . . . Machines | -11 -10 -10 ---------- Run | Yrd Mat Sub Machines Disabled . | . . . Max in Single Turn . | . . . Machines Repaired . | . . . Machines Dismantled . | . . . Machines Sabotaged . | . . . Overloaded Fab Kills . | . . . Hacking | -11 -10 -10 --------- Run | Yrd Mat Sub Machines Accessed . | . . . Terminals . | . . . Fabricators . | . . . Repair Stations . | . . . Recycling Units . | . . . Scanalyzers . | . . . Garrison Access . | . . . Total Hacks . | . . . Successful . | . . . Failed . | . . . Catastrophic . | . . . Database Lockouts . | . . . Manual . | . . . Terminals . | . . . Fabricators . | . . . Repair Stations . | . . . Recycling Units . | . . . Scanalyzers . | . . . Garrison Access . | . . . Terminal Hacks . | . . . Fabricator Hacks . | . . . Repair Station Hacks . | . . . Recycling Unit Hacks . | . . . Scanalyzer . | . . . Garrison Access Hacks . | . . . Unauthorized Hacks . | . . . Terminals . | . . . Fabricators . | . . . Repair Stations . | . . . Recycling Units . | . . . Scanalyzers . | . . . Garrison Access . | . . . Data Cores Recovered . | . . . Used . | . . . Hacking Detections . | . . . Full Trace Events . | . . . Feedback Events . | . . . Feedback Blocked . | . . . Robot Schematics Acquired . | . . . Robots Built . | . . . Authchips . | . . . Time . | . . . Total Robot Build Rating . | . . . Part Schematics Acquired . | . . . Parts Built . | . . . Authchips . | . . . Time . | . . . Total Part Build Rating . | . . . Part Studies Acquired . | . . . Parts Repaired . | . . . Time . | . . . Parts Recycled . | . . . Recycled Matter . | . . . Retrieved Matter . | . . . Retrieved Components . | . . . Parts Scanalyzed . | . . . Part Schematics Acquired . | . . . Parts Damaged . | . . . Bothacking | -11 -10 -10 ------------ Run | Yrd Mat Sub Used RIF Installer . | . . . Robots Hacked . | . . . Non-combat . | . . . Combat . | . . . Robot Hacks Applied . | . . . Relay Couplers Released . | . . . Fabnet Peak Effective % . | . . . Robots Rewired . | . . . Allies Hacked . | . . . Hacks Repelled . | . . . Allies | -11 -10 -10 -------- Run | Yrd Mat Sub Total Allies . | . . . Largest Group . | . . . Highest-Rated Group . | . . . Highest-Rated Ally . | . . . Total Orders . | . . . Ally Attacks . | . . . Total Damage . | . . . Kills . | . . . Allies Corrupted . | . . . Allies Melted . | . . . Intel | -11 -10 -10 ------- Run | Yrd Mat Sub Active Infowar (turns) 1337 | 58 1279 . Sensors 1337 | 58 1279 . Robot Analysis Total . | . . . Derelict Logs Recovered 1 | . . 1 Drone Launches . | . . . Drone Recoveries . | . . . Exploration | -11 -10 -10 ------------- Run | Yrd Mat Sub Turns Passed 3225 | 80 2823 322 Spaces Moved 1036 | 46 788 202 Core 103 | 8 95 . Treads 588 | 38 550 . Legs . | . . . Wheels 345 | . 143 202 Hover . | . . . Flight . | . . . Fastest Speed 50 | 50 110 108 Average Speed 279 | 140 329 117 Slowest Speed 1450 | 160 1450 130 Overloaded Moves . | . . . Propulsion Burnouts . | . . . Robots Hopped . | . . . Potential Cave-ins . | . . . Cave-ins Triggered . | . . . Exploration Rate (%) 39 | 4 97 16 Regions Visited 2 Branch Regions 1 Pre-discovered Areas . | . . . Known Exits Taken 2 | 1 1 . Unknown Exits Taken . | . . . Scrap Searched 3 | . . 3 Spaces Dug . | . . . Terrain Destroyed . | . . . Melee . | . . . Projectile . | . . . AOE . | . . . Terrain Rammed . | . . . Walls Destroyed . | . . . Machines Disabled . | . . . Actions | -11 -10 -10 --------- Run | Yrd Mat Sub Total 1252 | 61 947 244 Wait 78 | 4 71 3 Move 1034 | 45 787 202 Hop . | . . . Pick Up 36 | 7 26 3 Fast Attach . | . . . Attach 17 | 5 9 3 Detach . | . . . Swap 6 | . 5 1 Drop 6 | . 5 1 Fire 75 | . 44 31 Melee . | . . . Ram . | . . . Kick . | . . . Crush . | . . . Escape Stasis . | . . . Rewire . | . . . Trap . | . . . Miscellaneous . | . . . Route ------- -11/Scrapyard -10/Materials (discovered 6 exits: *Mat x3 / *Min x2 / *Sub) -10/Subcaves (discovered 2 exits: *Mat / *Rec) History --------- Turn | Location | Event 10 | -11/Scrapyard | Identified exit to Materials 10 | -11/Scrapyard | Discovered exit to Materials (range 15) 81 | -11/Scrapyard | Entered Materials 81 | -10/Materials | Evolved 1 slot: Propulsion x1 274 | -10/Materials | Identified exit to Materials 274 | -10/Materials | Discovered exit to Materials (range 10) 316 | -10/Materials | Build established: Hacker-Mutant 614 | -10/Materials | Identified exit to Mines 614 | -10/Materials | Discovered exit to Mines (range 13) 724 | -10/Materials | Discovered exit to Materials (range 10) 779 | -10/Materials | Discovered exit to Mines (range 15) 1128 | -10/Materials | Discovered exit to Materials (range 16) 2897 | -10/Materials | Identified exit to Subcaves 2897 | -10/Materials | Discovered exit to Subcaves (range 7) 2904 | -10/Materials | Entered Subcaves 2918 | -10/Subcaves | Identified exit to Materials 2918 | -10/Subcaves | Discovered exit to Materials (range 6) 2958 | -10/Subcaves | Identified exit to Recycling 2958 | -10/Subcaves | Discovered exit to Recycling (range 15) 3030 | -10/Subcaves | Shifting Twisted Machinery released Barrage Gun 3051 | -10/Subcaves | Learned Materials emergency access door positions 3088 | -10/Subcaves | Disturbed a concealed Subdweller 3098 | -10/Subcaves | Core integrity fell below 50% 3204 | -10/Subcaves | Core integrity fell below 20% 3226 | -10/Subcaves | Destroyed by QG-FUA(R) with Subdweller Beam Cannon Last Messages --------------- 03063_ Subatomizers dissect the Sub. Laser. 03063_ Acquired Mak. Light Armor Plating. 03066_ Searching scrap... 03066_ Found Mak. Hacking Suite. 03066_ Found Sub. Optics. 03066_ Found 51 Matter. 03067_ Acquired 7 matter. 03068_ Searching scrap... 03068_ Found Sub. Monowheel. 03068_ Found 56 Matter. 03071_ Acquired Mak. Hacking Suite. 03085_ Subatomizers dissect the Sub. Laser. 03088_ JI-42Z(R) angrily emerges from the Twisted Machinery. 03101_ Wheel destroyed. 03110_ JI-42Z(R) affixes Scrap Shield Fragment to Scrap Shield. 03120_ JI-42Z(R) destroyed. 03201_ Mining Laser destroyed. 03218_ Critical hit (Meltdown: +160). Map ----- +----------------------------------------------------+ | ??????????????## " ### "#?????????????????????? | | ??????????????## "" #?????????????????????? | | ??????????????# # " #?????????????????????? | | ??????????????# " ##?????????????????????? | | ??????????###### ##??????????????????????? | | ??????????# ###???????????????????????? | | ????####### ##### #???????????????????? | | ????#!%## #????????????????????? | | ????#%="##" # ###????????????????????? | | ????##&[ ## #?#??????????????????????? | | ????# # #& ### #????????????????????????? | | ###?# ### # #####????????????????????????? | | ""######?# ###??????????? ????????????????? | | " #?????## #####??????? ???????????????? | | #??????# ## ### ##????## #???????????????? | | ##?????# # #???# ???????????????? | | ######## # #??# ????????????????? | | ## #### ?????????????????? | | ## ##?# ## ?????#?????????????? | | ?# ### #### #????? #??#??????????? | | ## ##?#### ## #????? ## ##?????????? | | # ####??## #???? #?????????? | | """ ##??# R ##??# #??????????? | | """ #### ### #???????????? | | """ ## ## #???????????????? | | """ ### @ #????????????????? | | ### #?# ## #????????????????? | | ??## ## #### #????????????????? | | ???## ## ### ###??########????????????????? | | ????###########?#####????????????????????????????? | | ?????????????????????????????????????????????????? | | ?????????????????????????????????????????????????? | | ?????????????????????????????????????????????????? | | ?????????????????????????????????????????????????? | | ?????????????????????????????????????????????????? | | ?????????????????????????????????????????????????? | | ?????????????????????????????????????????????????? | | ?????????????????????????????????????????????????? | | ?????????????????????????????????????????????????? | | ?????????????????????????????????????????????????? | | ?????????????????????????????????????????????????? | | ?????????????????????????????????????????????????? | | ?????????????????????????????????????????????????? | | ?????????????????????????????????????????????????? | | | | | | | | | | | | | +----------------------------------------------------+ Best States ------------- Heat Dissipation 25 Energy Generation 10 Energy Capacity 250 Matter Stores 300 Matter Capacity 300 Sight Range 16 Robot Scan Range 14 Terrain Scan Density 10 Resistance: KI 35 Resistance: TH 35 Resistance: EX 35 Resistance: EM 35 Resistance: I 35 Resistance: S 35 Resistance: P 35 Evasion (%) 50 Recoil Reduction 3 Offensive Hacking 20 Item Schematics ----------------- None Robot Schematics ------------------ None Fabricated ------------ Nothing Repaired ---------- Nothing Studied --------- None Alien Tech Used ----------------- None Achievements -------------- None Challenges ------------ None Game ------ Seed DisposableThiefDoomcannon Manual? 0 Play Time 00:11:06 Cumulative 89.3 hours Start 2025.11.13 @ 18:16:45 End 2025.11.13 @ 18:25:34 Sessions 1 Manual Loads 0 Difficulty Explorer Special Mode None Game No. 95 Rogue 0 Adventurer 0 Explorer 95 Win Type - Total 0 Types 0/0/0/0/0/0/0/0/0/0 Lore% 58 Gallery% 56 Achievement% 44 Wizard Run 0 Options --------- Layout 1 ASCII 0 Keyboard 0 Movement Mouse Keybinds 0 Fullscreen 1 Font 24/Smallcaps Map View 50x35 Zoom Use 0% Tactical HUD 1 Map Filters NONE Filters NONE Steam 1 RUN: 7cfadfb6-35fa-4b1b-b495-f6dca72522d3